 Dungeon Crawl Stone Soup version 0.25-a0-503-ge281fa673e (webtiles) character file.

Game seed: 14877800594060882625, levelgen mode: deterministic

405 Kohma the Chiller (level 6, 0/45 HPs)
             Began as a Draconian Ice Elementalist on Feb 13, 2020.
             Was an Initiate of Ashenzari.
             Killed by nerve-wracking pain
             ... invoked by Grinder
              (13 damage)
             ... on level 4 of the Dungeon.
             The game lasted 00:08:31 (3639 turns).

Kohma the Chiller (Draconian Ice Elementalist)      Turns: 3639, Time: 00:08:31

Health: 0/45       AC:  7    Str: 11    XL:     6   Next: 56%
Magic:  4/11       EV: 12    Int: 17    God:    Ashenzari [......]
Gold:   129        SH:  0    Dex: 11    Spells: 8/12 levels left

rFire    . . .     SeeInvis .   c - +0 dagger (venom)
rCold    . . .     Gourm    .   (no shield)
rNeg     . . .     Faith    .   (armour unavailable)
rPois    .         Spirit   .   (helmet restricted)
rElec    .         Reflect  .   (no cloak)
rCorr    .         Harm     .   h - +0 pair of gloves
MR       .....                  (no boots)
Stlth    ++........             (no amulet)
HPRegen  0.15/turn              (no ring)
MPRegen  0.12/turn              (no ring)

@: frozen ramparts
A: unfitting armour, cold-blooded, AC +6
a: Curse Item, Renounce Religion


You were on level 4 of the Dungeon.
You worshipped Ashenzari.
Ashenzari was noncommittal.
You were not hungry.

You visited 1 branch of the dungeon, and saw 4 of its levels.

You collected 129 gold pieces.

Inventory:

Hand Weapons
 c - a +0 dagger of venom (weapon)
Missiles
 g - 19 poisoned darts (quivered)
Armour
 h - a +0 pair of gloves (worn)
 n - a cursed +0 kite shield
Wands
 v - a wand of scattershot (8)
Scrolls
 d - 7 scrolls of remove curse
 e - 2 scrolls of enchant weapon {unknown}
 f - 2 scrolls of teleportation {unknown}
 i - 2 scrolls of enchant armour {unknown}
 k - 5 scrolls of identify {unknown}
 l - 3 scrolls of amnesia {unknown}
 o - 2 scrolls of random uselessness {unknown}
 r - a scroll of magic mapping {unknown}
 s - a scroll of fog {unknown}
 t - a scroll of blinking {unknown}
 x - a scroll of fear {unknown}
Potions
 a - 2 potions of flight {unknown}
 j - 2 potions of curing {unknown}
 m - a potion of heal wounds {unknown}
 p - a potion of might {unknown}
 q - a potion of mutation {unknown}
 w - a potion of haste {unknown}
Comestibles
 b - 4 rations


   Skills:
 - Level 1.7 Dodging
 - Level 1.7 Stealth
 + Level 2.4 Shields
 + Level 3.7 Spellcasting
 * Level 6.5 Ice Magic


You had 8 spell levels left.
You knew the following spells:

 Your Spells              Type           Power        Failure   Level  Hunger
a - Freeze                Ice            ####         1%          1    None
b - Frozen Ramparts       Ice            ####..       3%          3    ###....

Your spell library contained the following spells:

 Spells                   Type           Power        Failure   Level  Hunger
 Ozocubu's Armour         Chrm/Ice       ##......     13%         3    ###....
 Hailstorm                Conj/Ice       ##......     38%         4    ####...
 Summon Ice Beast         Ice/Summ       ##......     38%         4    ####...


Dungeon Overview and Level Annotations

Branches:
Dungeon (4/15)
 Temple: D:4-7

Altars:
Ashenzari
Hepliaklqana
Vehumet

Annotations:
D:4 Grinder


Innate Abilities, Weirdness & Mutations

Your plain brown scales are hard. (AC +6)
You cannot fit into any form of body armour.
You are cold-blooded and may be slowed by cold attacks.


Message History

The walls release a blast of icicles at Grinder!
Grinder partially resists.
Grinder is encased in ice.
Grinder hits you.
You writhe in agony.
* * * LOW HITPOINT WARNING * * *
You barely miss Grinder.
Grinder is severely wounded.
The walls release a blast of icicles at Grinder!
Grinder hits you but does no damage.
You barely miss Grinder.
Grinder is severely wounded.
The walls release a blast of icicles at Grinder!
Grinder partially resists.
Grinder closely misses you.
You barely miss Grinder.
Grinder is almost dead.
Grinder is no longer encased in ice.
The walls release a blast of icicles at Grinder!
Grinder is encased in ice.
Grinder gestures at you. Pain shoots through your body!
You die...

#....†...#....##..
########....#.#..#
#..).....# # #..))....#
#^ #..)#....# #..
##...#...... #...######
#....#......
#....5...###...##......
#.....@................
#...###................
#.. #####.....>......
#. #.......##..# #
#....[.......
#......(##...
######(...#..##.#.
##.........(.###.#.
##............##....


You could see Grinder.

Vanquished Creatures
  Edmund (D:4)
  An ogre (D:3)
  Blork the orc (D:4)
  An orc priest (D:4)
  5 adders
  2 leopard geckos
  9 orcs
  2 ball pythons (D:2)
  10 bats
  A giant cockroach (D:4)
  4 goblins
  7 hobgoblins
  4 jackals (D:2)
  A ball python skeleton (D:4)
  4 frilled lizards
  9 kobolds
  7 rats
69 creatures vanquished.

Notes
Turn   | Place    | Note
-------+----------+-------------------------------------------
     0 | D:1      | Kohma the Draconian Ice Elementalist began the quest for
                  | the Orb.
     0 | D:1      | Reached XP level 1. HP: 14/14 MP: 3/3
   332 | D:1      | Reached XP level 2. HP: 20/20 MP: 3/5
  1068 | D:2      | Reached XP level 3. HP: 21/26 MP: 4/6
  1154 | D:2      | Learned a level 3 spell: Frozen Ramparts
  1394 | D:2      | Reached skill level 5 in Ice Magic
  1869 | D:3      | Found a shattered altar of Ashenzari.
  1901 | D:3      | Reached XP level 4. HP: 30/33 MP: 4/8
  2162 | D:3      | Became a worshipper of Ashenzari the Shackled
  2329 | D:3      | Found a hazy altar of Hepliaklqana.
  2329 | D:3      | Found a radiant altar of Vehumet.
  2727 | D:4      | Noticed an ogre
  2903 | D:3      | Killed an ogre
  2903 | D:3      | Reached skill level 1 in Shields
  2903 | D:3      | Reached XP level 5. HP: 38/38 MP: 1/9
  2999 | D:4      | Noticed Edmund
  3048 | D:4      | Killed Edmund
  3048 | D:4      | Reached skill level 6 in Ice Magic
  3048 | D:4      | Reached XP level 6. HP: 45/45 MP: 1/11
  3149 | D:4      | Noticed Blork the orc
  3167 | D:4      | Killed Blork the orc
  3333 | D:4      | Noticed Grinder
  3334 | D:4      | Paralysed by Grinder for 3 turns
  3622 | D:4      | Paralysed by Grinder for 4 turns
  3629 | D:4      | Paralysed by Grinder for 4 turns
  3639 | D:4      | Killed from afar by Grinder

Levels and vault maps discovered:
D:1:      dpeg_arrival_three_same_balls, layout_loops_ring
D:2:      layout_basic, st_stairs_3
D:3:      layout_loops_cross, gammafunk_temple_overflow_elements,
          evilmike_ruin_ashenzari
D:4:      layout_rooms, elyvilon_altar_1, first_ration, uniq_grinder,
          uniq_blork_the_orc, uniq_edmund

Skill      XL: |  1  2  3  4  5 |
---------------+----------------+-----
Ice Magic      | 5 6 |  6.5
Shields        | 1 2 |  2.4
Spellcasting   | 3 |  3.7
Dodging        | |  1.7
Stealth        | |  1.7

Action                   |  1- 3 |  4- 6 || total
-------------------------+-------+-------++-------
Melee: Whip              |     9 |       ||     9
       Spear             |     3 |       ||     3
       Dagger            |    35 |    39 ||    74
       Tailslap          |     1 |     4 ||     5
 Cast: Freeze            |    37 |    14 ||    51
       Frozen Ramparts   |     7 |    19 ||    26
 Stab: Sleeping          |     1 |       ||     1
  Eat: Chunk             |     4 |     4 ||     8
       Ration            |       |     1 ||     1
Armor: Skin              |    31 |    10 ||    41
Dodge: Dodged            |    53 |    22 ||    75

Table legend:
 A = Non-vault XP
 B = Vault XP
 C = Vault XP percentage of total XP
 D = Non-vault monster count
 E = Vault monster count
 F = Vault count percentage of total count
                 A         B        C        D         E       F
            +---------+---------+-------+---------+---------+-------
      Total |     328 |     251 |  43.4 |      65 |       4 |   5.8
            +---------+---------+-------+---------+---------+-------
        D:1 |      31 |       0 |   0.0 |      21 |       0 |   0.0
        D:2 |      62 |       3 |   4.6 |      22 |       2 |   8.3
        D:3 |     149 |       0 |   0.0 |      11 |       0 |   0.0
        D:4 |      86 |     248 |  74.3 |      11 |       2 |  15.4
            +---------+---------+-------+---------+---------+-------
